 Dungeon Crawl Stone Soup version 0.23.1-41-g7e51ed3 (webtiles) character file.

Game seed: 3911221694572757360

3747 Borgoz the Covered (level 10, -5/59 HPs)
             Began as a Gargoyle Gladiator on Mar 29, 2019.
             Was a Believer of Ashenzari.
             Killed from afar by Lazygun's ghost (27 damage)
             ... with an orb of energy
             ... on level 8 of the Dungeon.
             The game lasted 00:18:52 (8027 turns).

Borgoz the Covered (Gargoyle Gladiator)             Turns: 8027, Time: 00:18:52

Health: -5/59      AC: 28    Str: 23    XL:     10   Next: 15%
Magic:  15/15      EV: 11    Int:  9    God:    Ashenzari [**....]
Gold:   544        SH:  0    Dex: 14    Spells: 9/16 levels left

rFire    . . .     SeeInvis .   W - +0 rapier (freeze)
rCold    . . .     Gourm    .   (no shield)
rNeg     + . .     Faith    .   E - +8 chain mail of Tishro Laic {Stlth+}
rPois    ∞         Spirit   .   c - +0 helmet
rElec    +         Reflect  .   l - scarf {cloud immunity}
rCorr    .         Harm     .   j - +0 pair of gloves
MR       .....                  (no boots)
Stlth    +++.......             M - amulet of regeneration
HPRegen  0.59/turn              F - ring of stealth
MPRegen  0.14/turn              S - ring of stealth

@: mighty, berserk cooldown, slowed, very slow
A: negative energy resistance 1, electricity resistance, unbreathing,
petrification resistance, rot immunity, AC +7
a: Curse Item, Scrying, Renounce Religion


You were on level 8 of the Dungeon.
You worshipped Ashenzari.
Ashenzari was pleased with you.
You were not hungry.

You visited 2 branches of the dungeon, and saw 9 of its levels.
You also visited: Ossuary.

You collected 544 gold pieces.

Inventory:

Hand Weapons
 a - a +2 dagger of draining
 b - a +0 blowgun
 o - a cursed -1 rapier
 x - a +1 rapier
 L - the cursed +1 hand axe of the Disturbing Stories {antimagic, *Corrode rF+ Str+4 Int+2}
   (You found it on level 5 of the Dungeon)

   It reduces the magical energy of the wielder, and disrupts the spells and
   magical abilities of those hit.
   Natural abilities and divine invocations are not affected.
   It affects your strength (+4).
   It affects your intelligence (+2).
   It protects you from fire.
   It may corrode you when you take damage.
   It has a curse placed upon it.
 N - a +1 dagger of protection
 W - a +0 rapier of freezing (weapon)
Missiles
 y - 78 poisoned needles
 H - 13 tomahawks
 K - 7 needles of sleeping
 X - 11 curare-tipped needles
 Z - a throwing net (quivered)
Armour
 c - a +0 helmet (worn)
 j - a +0 pair of gloves (worn)
 l - a scarf of cloud immunity (worn)
 n - a +1 leather armour of positive energy
 E - the +8 chain mail of Tishro Laic (worn) {Stlth+}
   (You found it on level 5 of the Dungeon)

   It makes you more stealthy.
 Q - a +0 leather armour of cold resistance
Jewellery
 r - an uncursed ring of ice
 A - a +3 ring of intelligence
 C - an uncursed ring of protection from cold
 F - a ring of stealth (left hand)
 M - an amulet of regeneration (around neck)
 S - a ring of stealth (right hand)
Wands
 J - a wand of digging (5)
 O - a wand of acid (12)
 V - a wand of paralysis (5)
Scrolls
 d - a scroll of noise {unknown}
 e - 5 scrolls of teleportation
 h - 2 scrolls of magic mapping {unknown}
 t - 6 scrolls of remove curse
 v - a scroll of enchant weapon
 G - a scroll of immolation {unknown}
 I - a scroll of blinking {unknown}
 P - 2 scrolls of amnesia {unknown}
 U - a scroll of torment {unknown}
Potions
 g - a potion of lignification {unknown}
 i - a potion of heal wounds {unknown}
 k - 2 potions of might
 m - 4 potions of curing
 p - 2 potions of haste {unknown}
 q - a potion of agility
 s - a potion of brilliance {unknown}
 u - a potion of invisibility {unknown}
 w - 3 potions of ambrosia
 z - 3 potions of mutation {unknown}
 B - 4 potions of flight
 D - a potion of berserk rage
 R - a potion of resistance {unknown}
 Y - a potion of cancellation {unknown}
Comestibles
 f - 20 rations
 T - 2 chunks of flesh


   Skills:
 + Level 5.2 Fighting
 * Level 6.3 Short Blades
 + Level 4.1 Throwing
 * Level 6.7 Armour
 * Level 5.8 Dodging
 + Level 4.8 Stealth
 + Level 3.8 Spellcasting
 + Level 2.7 Hexes


You had 9 spell levels left.
You knew the following spells:

 Your Spells              Type           Power        Failure   Level  Hunger
a - Blink                 Tloc           N/A          95%         2    ###....
b - Slow                  Hex            #.......     65%         2    ###....
c - Mephitic Cloud        Conj/Pois/Air  #.......     99%         3    ###....

Your spell library contained the following spells:

 Spells                   Type           Power        Failure   Level  Hunger
 Magic Dart               Conj           #...         88%         1    #......
 Call Imp                 Summ           #.......     95%         2    ###....
 Conjure Flame            Conj/Fire      #.......     99%         3    ###....


Dungeon Overview and Level Annotations

Branches:
Dungeon (8/15)             Temple (1/1) D:4
   Lair: D:8-11

Altars:
Ashenzari
Cheibriados
Dithmenos
Elyvilon
Fedhas
Gozag
Hepliaklqana
Kikubaaqudgha
Makhleb
Nemelex Xobeh
Okawaru
Qazlal
Ru
Sif Muna
Xom
Zin
The Shining One

Shops:
D:8 *

Annotations:
D:8 Lazygun's ghost, novice DrCj


Innate Abilities, Weirdness & Mutations

You are resistant to torment.
Your stone body is resilient. (AC +7)
You are immune to poison.
You resist negative energy. (rN+)
You are resistant to electric shocks. (rElec)
You can survive without breathing.
You are immune to petrification.
You are immune to rotting.


Message History

You hit Lazygun's ghost.
Lazygun's ghost is severely damaged.
Lazygun's ghost casts a spell at you.
The magic dart hits you but does no damage.
Lazygun's ghost barely misses you.
You feel very mighty all of a sudden.
Lazygun's ghost hits you but does no damage.
You hit Lazygun's ghost. You freeze Lazygun's ghost.
Lazygun's ghost is almost destroyed.
Lazygun's ghost completely misses you.
You puncture Lazygun's ghost! You freeze Lazygun's ghost.
Lazygun's ghost is almost destroyed.
You feel a little less agile now.
Lazygun's ghost points at you and mumbles some strange words.
You are frozen.
Lazygun's ghost hits you.
You closely miss Lazygun's ghost.
Lazygun's ghost is almost destroyed.
Lazygun's ghost casts a spell at you. The orb of energy hits you!!
You die...

####...## ##..####.........##.#..
#≈≈.≈.## ##....+...............
..≈≈≈≈.## ##..####.........####..
..≈_≈.#.###..## ##.......## ##.
.≈≈≈≈.##.#.### ##.....## #..
#..≈))###..# ##...## #.#
#..##.).##.####### ###'##### #.#
...##.#(#...#..#.###.......# #.#
##.##.).....#8$W@.##.#.###.# #.#
...##.......#..#..##.#.###.####.#
........_...#####.##..........).#
######.....## #.........#.######
# #.....#####.###....##.# #
#####.......# #.......# #
######### ###.##### # #.# #.#


You could see Lazygun's ghost.

Vanquished Creatures
  A hippogriff (D:8)
  A spriggan (D:8)
  A wyvern (D:8)
  3 orc warriors
  2 sky beasts
  An ice beast (D:7)
  2 ogres
  A phantom (D:6)
  A centaur (D:8)
  An elf zombie (D:4)
  A big kobold (D:8)
  4 bullfrogs
  4 water moccasin zombies (Ossuary)
  A wyvern zombie (D:8)
  An elf skeleton (D:4)
  3 scorpions
  8 howler monkeys
  A crimson imp (D:6)
  2 quasits (D:8)
  A jelly (D:8)
  5 orc wizards
  2 bullfrog skeletons
  A human skeleton (D:4)
  A human zombie (D:4)
  3 orc priests
  4 iguanas
  6 worker ants
  3 big kobold zombies (Ossuary)
  2 mummies (Ossuary)
  6 gnolls
  16 adders
  2 shadow imps
  2 oozes (D:1)
  5 adder zombies (Ossuary)
  2 adder skeletons
  4 worms
  2 dart slugs
  5 leopard geckos
  34 orcs
  3 ball pythons
  7 giant cockroaches
  2 gnoll zombies (Ossuary)
  11 goblins
  5 hobgoblins
  4 jackals (D:7)
  4 quokkas
  7 bats
  2 frilled lizards
  7 hobgoblin zombies (Ossuary)
  10 kobolds
  9 kobold zombies (Ossuary)
  A leopard gecko skeleton (D:6)
  2 orc skeletons (D:4)
  3 orc zombies (Ossuary)
  A quokka skeleton (D:6)
  11 rats
234 creatures vanquished.

Vanquished Creatures (others)
  2 withered plants (D:8)
2 creatures vanquished.

Grand Total: 236 creatures vanquished

Notes
Turn   | Place    | Note
-------+----------+-------------------------------------------
     0 | D:1      | Borgoz the Gargoyle Gladiator began the quest for the Orb.
     0 | D:1      | Reached XP level 1. HP: 12/12 MP: 1/1
    20 | D:1      | Reached XP level 2. HP: 15/17 MP: 2/2
    65 | D:1      | Reached skill level 1 in Armour
    65 | D:1      | Reached XP level 3. HP: 15/22 MP: 3/3
   493 | D:1      | Reached XP level 4. HP: 22/27 MP: 3/5
   864 | D:2      | Reached skill level 1 in Stealth
  1184 | D:2      | Reached skill level 1 in Spellcasting
  1437 | D:3      | Reached XP level 5. HP: 31/31 MP: 6/6
  1560 | D:3      | Noticed an ogre
  1572 | D:3      | Killed an ogre
  1572 | D:3      | Reached XP level 6. HP: 19/36 MP: 6/8
  1885 | D:3      | Found a faded altar of an unknown god.
  2206 | D:4      | Found a staircase to the Ecumenical Temple.
  2213 | Temple   | Entered the Ecumenical Temple
  2240 | Temple   | Became a worshipper of Ashenzari the Shackled
  2640 | D:4      | Reached XP level 7. HP: 32/41 MP: 9/9
  2649 | D:4      | Found a sand-covered staircase.
  2654 | Ossuary  | Entered an ossuary
  3709 | D:4      | Reached XP level 8. HP: 42/47 MP: 11/11
  3734 | D:4      | Learned a level 2 spell: Blink
  3737 | D:4      | Learned a level 2 spell: Slow
  3741 | D:4      | Learned a level 3 spell: Mephitic Cloud
  4413 | D:5      | Entered Level 5 of the Dungeon
  4481 | D:5      | Got the uncursed chain mail of Tishro Laic {Stlth+}
  4492 | D:5      | Identified the +8 chain mail of Tishro Laic {Stlth+} (You
                  | found it on level 5 of the Dungeon)
  4730 | D:5      | Got the cursed hand axe of the Disturbing Stories
                  | {antimagic, *Corrode rF+ Str+4 Int+2}
  4753 | D:5      | Reached skill level 5 in Short Blades
  5059 | D:5      | Reached skill level 1 in Hexes
  5264 | D:6      | Reached skill level 5 in Armour
  5531 | D:6      | Found a deep blue altar of Sif Muna.
  5608 | D:6      | Reached XP level 9. HP: 52/52 MP: 13/13
  5664 | D:6      | Reached * piety under Ashenzari
  6208 | D:7      | Reached skill level 5 in Dodging
  7158 | D:8      | Found a runed translucent door.
  7272 | D:8      | Found a blossoming altar of Fedhas.
  7280 | D:8      | Found a sparkling altar of Nemelex Xobeh.
  7285 | D:8      | Reached ** piety under Ashenzari
  7287 | D:8      | Reached skill level 5 in Fighting
  7360 | D:8      | Reached XP level 10. HP: 47/59 MP: 15/15
  7492 | D:8      | Found Zin's Purification Station.
  7493 | D:8      | Found a glowing silver altar of Zin.
  7594 | D:8      | Noticed Lazygun's ghost (novice DrCj)
  8027 | D:8      | Killed from afar by Lazygun's ghost

Skill      XL: |  1  2  3  4  5  6  7  8  9 |
---------------+----------------------------+-----
Armour         | 1 2 3 4 5 6 |  6.7
Short Blades   | 3 4 5 6 |  6.3
Throwing       | 2 3 4 |  4.1
Stealth        | 1 2 3 4 |  4.8
Spellcasting   | 1 2 3 |  3.8
Dodging        | 3 4 5 |  5.8
Fighting       | 3 4 5 |  5.2
Hexes          | 1 2 |  2.7

Action                   |  1- 3 |  4- 6 |  7- 9 | 10-12 || total
-------------------------+-------+-------+-------+-------++-------
Melee: Rapier            |   104 |    13 |    84 |   106 ||   307
       Dagger            |       |   223 |  1121 |       ||  1344
Throw: Throwing net      |     1 |     2 |     4 |     2 ||     9
  Use: Scroll            |       |     8 |     3 |       ||    11
       Potion            |       |       |     3 |     3 ||     6
 Stab: Held in net/web   |     2 |     3 |       |       ||     5
       Sleeping          |       |     3 |    10 |     1 ||    14
  Eat: Chunk             |       |     6 |    13 |     3 ||    22
       Ration            |       |       |     1 |       ||     1
Armor: Leather armour    |    43 |    74 |   132 |       ||   249
       Chain mail        |       |       |   486 |    67 ||   553
Dodge: Dodged            |    71 |   113 |   581 |    34 ||   799
